 Dungeon Crawl Stone Soup version 0.27-a0-1136-g0b992a5a9d (webtiles) character file.

Game seed: 3295374944255118520

69 Dordric the Slasher (level 4, 28/35 HPs)
             Began as a Human Fighter on May 4, 2021.
             Was a Plaything of Xom.
             Quit the game on level 2 of the Dungeon.
             The game lasted 00:01:56 (2083 turns).

Dordric the Slasher (Human Fighter)                 Turns: 2083, Time: 00:01:57

Health: 28/35      AC:  6    Str: 17    XL:     4   Next: 42%
Magic:  4/4        EV:  7    Int:  8    God:    Xom [..*...]
Gold:   62         SH:  9    Dex: 13    Spells: 3/3 levels left

rFire    . . .     SeeInvis .   a - +0 long sword
rCold    . . .     Faith    .   c - +0 kite shield
rNeg     . . .     Spirit   .   b - +0 scale mail
rPois    .         Reflect  .   (no helmet)
rElec    .         Harm     .   (no cloak)
rCorr    .         Rampage  .   (no gloves)
Will     .....                  (no boots)
Stlth    ..........             (no amulet)
HPRegen  0.11/turn              (no ring)
MPRegen  0.09/turn              (no ring)

@: no status effects
A: no striking features
a: Renounce Religion


You were on level 2 of the Dungeon.
You worshipped Xom.
You were a toy of Xom.
You visited 1 branch of the dungeon, and saw 2 of its levels.

You collected 62 gold pieces.

Inventory:

Hand Weapons
 a - a +0 long sword (weapon)
Armour
 b - a +0 scale mail (worn)
 c - a +0 kite shield (worn)
Magical Staves
 h - a staff of cold
Jewellery
 i - a ring of willpower
Scrolls
 f - 2 scrolls of teleportation {unknown}
Potions
 d - a potion of might
 e - a potion of curing {unknown}
 g - 2 potions of cancellation {unknown}


   Skills:
 - Level 3.0 Fighting
 + Level 4.3 Long Blades
 - Level 3.0 Armour
 - Level 3.0 Shields


You had 3 spell levels left.
You didn't know any spells.
Your spell library was empty.

Dungeon Overview and Level Annotations

Branches:
Dungeon (2/15)

Altars:
Xom


Message History

You hit the worm but do no damage.
The worm is severely wounded.
The worm bites the bush.
The worm closely misses you.
You hit the worm.
The worm is severely wounded.
The worm bites the bush but does no damage.
You hit the worm but do no damage.
The worm is severely wounded.
You block the worm's attack.
The worm bites the bush.
You barely miss the worm.
The worm is severely wounded.
You block the worm's attack.
The worm bites the bush but does no damage.
You hit the worm.
The worm is almost dead.
The worm bites you.
The worm bites the bush!
You slash the worm!
You kill the worm!
The worm bites the bush but does no damage.
No reachable target in view!
No reachable target in view!
No reachable target in view!
No reachable target in view!
A worm is nearby!
No reachable target in view!
Okay, then.
A worm is nearby!
A worm is nearby!
(D) Dungeon
Where to? (Enter - D:2, ? - help)
Okay, then.
No reachable target in view!
The worm completely misses the bush.
Found 8 gold pieces.
The worm bites the bush but does no damage.
No reachable target in view!
Welcome back, Dordric the Human Fighter.
Xom titters.
Press ? for a list of commands and other information.
Are you sure you want to abandon this character and quit the game? (Confirm with "yes".)

#### .... .$..##
P.PPP##### P.P.P.P....#
# P.P.P.P....# #
P.P........# #####
.P.PPP@...#########...#
.....wP....+...........#
PPP.PPP....########....#
P P.P.....# #....#
P.P####.#######.....
P...P.................
PPPPP####†#######.....
.... ......... .b....#
#####....


You could see a worm.

Vanquished Creatures
  3 adders (D:2)
  A worm (D:2)
  A dart slug (D:2)
  3 ball pythons
  4 endoplasms
  4 giant cockroaches (D:1)
  6 goblins
  4 hobgoblins
  4 bats
  2 frilled lizards
  2 kobolds
34 creatures vanquished.

Notes
Turn   | Place    | Note
-------+----------+-------------------------------------------
     0 | D:1      | Dordric the Human Fighter began the quest for the Orb.
     0 | D:1      | Reached XP level 1. HP: 18/18 MP: 1/1
   324 | D:1      | Reached XP level 2. HP: 24/24 MP: 2/2
   598 | D:1      | Reached skill level 3 in Long Blades
   810 | D:1      | Reached XP level 3. HP: 21/29 MP: 3/3
  1486 | D:2      | Reached skill level 4 in Long Blades
  1486 | D:2      | Reached XP level 4. HP: 35/35 MP: 4/4
  2006 | D:2      | Found a faded altar of an unknown god.
  2018 | D:2      | Became a worshipper of Xom of Chaos
  2083 | D:2      | Quit the game

Illustrated notes

Levels and vault maps discovered:
D:1:      tarquinn_simple_flora_water_b, layout_loops_corners,
          serial_co_window_serial, co_window_paths_a, co_window_paths_a,
          co_window_paths_a, co_window_paths_b, co_window_paths_a,
          co_window_paths_a, co_window_paths_a, co_window_broadway_b,
          co_window_broadway_c, co_window_corner_cb, co_window_broadway_b,
          co_window_4corner_b, glass_columns_a, glass_columns_a,
          glass_columns_a, glass_columns_a, glass_columns_a,
          hangedman_abyss_or_decor_stabs, minmay_octomino_j4
D:2:      layout_basic, basic_altar, hellmonk_ecumenical_altar_zigzags,
          minmay_hedge_maze

Skill      XL: |  1  2  3 |
---------------+----------+-----
Long Blades    | 3 4 |  4.3
Fighting       | |  3.0
Armour         | |  3.0
Shields        | |  3.0

Action                   |  1- 3 |  4- 6 || total
-------------------------+-------+-------++-------
Melee: Long sword        |    68 |    36 ||   104
Armor: Scale mail        |    37 |     5 ||    42
Dodge: Dodged            |    16 |     6 ||    22
Block: Kite shield       |    30 |    21 ||    51
       Rpst.: Long sword |     6 |       ||     6

Table legend: (Time is in decaauts)
 A = Elapsed time spent in this place.
 B = Non-inter-level travel time spent in this place.
 C = Inter-level travel time spent in this place.
 D = Time resting spent in this place.
 E = Time spent auto-exploring this place.
 F = Levels seen in this place.
 G = Mean time per level.
                   A        B        C        D        E       F      G
               +--------+--------+--------+--------+--------+-----+--------+
         Total |   2131 |   2091 |     40 |      0 |   1828 |   2 | 1065.5 |
       Dungeon |   2131 |   2091 |     40 |      0 |   1828 |   2 | 1065.5 |
               +--------+--------+--------+--------+--------+-----+--------+

Top non-repeatable levels by time:
     D:1: 1274 daAuts
     D:2: 857 daAuts
